 Dungeon Crawl Stone Soup version 0.32-a0-940-g8c197d95f1 (webtiles) character file.

Game seed: 17207543459463792932

617 Revguard the Shield-Bearer (level 7, -3/54 HPs)
             Began as a Demonspawn Fighter on Apr 16, 2024.
             Was an Initiate of Ru.
             Slain by an orc warrior
             ... wielding a +0 trident
              (9 damage)
             ... on level 5 of the Dungeon.
             The game lasted 00:07:23 (3640 turns).

Revguard the Shield-Bearer (Demonspawn Fighter)     Turns: 3640, Time: 00:07:25

Health: -3/54      AC:  6    Str: 19    XL:     7   Next: 21%
Magic:  8/8        EV: 10    Int:  8    God:    Ru [......]
Gold:   93         SH:  4    Dex: 12    Spells: 6/6 levels left

rFire   . . .        a - +0 war axe
rCold   + . .        c - +0 buckler
rNeg    + . .        r - +1 leather armour "Sitazes" {^Drain rC+ rN+ Regen+}
rPois   .            (helmet restricted)
rElec   .            (no cloak)
rCorr   .            (no gloves)
SInv    .            (no boots)
Will    .....        (no amulet)
Stlth   +            (no ring)
HPRegen 1.09/turn    (no ring)
MPRegen 0.11/turn

%: no passive effects
@: no status effects
A: horns 2, icy blue scales 1, demonic guardian 2
a: Renounce Religion


You were on level 5 of the Dungeon.
You worshipped Ru.
Ru was noncommittal.
You visited 2 branches of the dungeon, and saw 6 of its levels.

You collected 177 gold pieces.
You spent 84 gold pieces at shops.

Inventory:

Hand Weapons
 a - a +0 war axe (weapon)
Missiles
 v - a throwing net (quivered)
Armour
 b - a +0 scale mail
 c - a +0 buckler (worn)
 r - the +1 leather armour "Sitazes" (worn) {^Drain rC+ rN+ Regen+}
   (You found it on level 3 of the Dungeon)

   rC+:       It protects you from cold.
   rN+:       It protects you from negative energy.
   Regen+:    It increases your rate of health regeneration.
   ^Drain:    It drains your maximum health when unequipped.
Jewellery
 t - a ring of fire
Scrolls
 f - 2 scrolls of vulnerability {unknown}
 h - 2 scrolls of noise {unknown}
 j - 5 scrolls of identify {unknown}
 l - 2 scrolls of fog {unknown}
 n - a scroll of amnesia {unknown}
 u - a scroll of brand weapon {unknown}
Potions
 d - 3 potions of might
 e - 2 potions of heal wounds {unknown}
 g - 2 potions of invisibility {unknown}
 i - a potion of brilliance {unknown}
 k - 2 potions of haste {unknown}
 m - 2 potions of curing
 o - a potion of enlightenment {unknown}
 p - a potion of degeneration {unknown}
 q - a potion of mutation {unknown}
 s - a potion of ambrosia {unknown}


   Skills:
 + Level 4.0 Fighting
 * Level 3.8 Axes
 + Level 3.5 Armour
 + Level 2.1 Dodging
 * Level 4.3 Shields
 - Level 2.1 Invocations
 + Level 2.2 Evocations


You had 6 spell levels left.
You didn't know any spells.
Your spell library contained the following spells:

 Spells                   Type           Power      Damage    Failure   Level
 Freeze                   Ice            0%         1d3       54%         1
 Dazzling Flash           Conj/Hex       0%         N/A       88%         3
 Frozen Ramparts          Ice            0%         1d1       88%         3
 Hailstorm                Conj/Ice       0%         3d5       88%         3
 Starburst                Conj/Fire      0%         6d3       100%        6
 Maxwell's Capacitive Co  Air            0%         ∞         100%        8


Dungeon Overview and Level Annotations

Branches:
Dungeon (5/15)             Temple (1/1) D:4

Altars:
Cheibriados
Fedhas
Gozag
Nemelex Xobeh
Okawaru
Qazlal
Ru
Sif Muna
Trog
Uskayaw
Vehumet
Wu Jian
Lugonu

Shops:
D:2 :   D:3 =:*[!


Innate Abilities, Weirdness & Mutations

You have a pair of horns on your head.
You are partially covered in icy blue scales. (AC +2)
A demonic guardian rushes to your aid.


Message History

Your Fighting skill increases to level 4!
You barely miss the scorpion. Your headbutt misses the scorpion.
The scorpion is heavily wounded.
Your rust devil barely misses the scorpion.
The scorpion closely misses you.
The orc warrior hits you from afar with a +0 trident.
Your rust devil hits the scorpion.
Your rust devil corrodes the scorpion!
The scorpion stings you but does no damage.
You hit the scorpion.
You kill the scorpion!
The orc warrior hits you from afar with a +0 trident.
Your rust devil hits the orc warrior.
Your rust devil corrodes the orc warrior!
Unknown command.
The orc warrior hits you with a +0 trident!
Your rust devil closely misses the orc warrior.
You see here a scorpion corpse.
You hit the orc warrior but do no damage.
The orc warrior is lightly wounded.
The orc warrior hits you with a +0 trident!
* * * LOW HITPOINT WARNING * * *
Your rust devil barely misses the orc warrior.
The orc warrior barely misses you.
Unknown command.
You barely miss the orc warrior.
The orc warrior is lightly wounded.
Your rust devil hits the orc warrior!
The orc warrior seems to be corroded for longer.
You block the orc warrior's attack.
Your rust devil hits the orc warrior!
The orc warrior seems to be corroded for longer.
Unknown command.
You slash the orc warrior! Your headbutt misses the orc warrior.
The orc warrior is almost dead.
The orc warrior hits you with a +0 trident.
* * * LOW HITPOINT WARNING * * *
A demonic guardian appears!
Your rust devil closely misses the orc warrior.
The orc warrior hits you with a +0 trident!
You die...
Ru respects your ultimate sacrifice.

.........
.........
.<......# #+# #
........# ...#..
......)[# .....#
$.....).###......
.....4..#.....#..
.......o#<.......
.......@4........
........#........
........###.#....
......... .# ...
....####.. .# ..
.... ... . . ...
...># ## .....
.#.#..


You could see an orc warrior (corroded, ally target), a friendly hellwing
(summoned) and a friendly rust devil (summoned).

Vanquished Creatures
  2 scorpions
  2 hounds (D:4)
  A bombardier beetle (D:3)
  A jelly (D:4)
  An orc wizard (D:5)
  Terence (D:2)
  An iguana (D:4)
  An adder (D:2)
  2 adder zombies (D:2)
  A dart slug (D:2)
  3 ribbon worms
  4 orcs
  10 bats
  A bat skeleton (D:2)
  2 bat zombies (D:2)
  6 endoplasms
  8 giant cockroaches
  5 goblins
  8 hobgoblins
  2 quokkas
  6 ball pythons
  A jackal skeleton (D:2)
  4 kobolds
  A quokka zombie (D:2)
  6 rats
80 creatures vanquished.

Vanquished Creatures (collateral kills)
  Sigmund (D:5)
  A hound (D:4)
  A ribbon worm (D:2)
3 creatures vanquished.

Grand Total: 83 creatures vanquished

Notes
Turn   | Place    | Note
-------+----------+-------------------------------------------
     0 | D:1      | Revguard the Demonspawn Fighter began the quest for the
                  | Orb.
     0 | D:1      | Reached XP level 1. HP: 18/18 MP: 1/1
   194 | D:1      | Gained mutation: A weak demonic guardian rushes to your
                  | aid. [demonic ancestry]
   194 | D:1      | Reached XP level 2. HP: 20/24 MP: 2/2
   649 | D:2      | Gained mutation: You have a pair of small horns on your
                  | head. [demonic ancestry]
   649 | D:2      | Reached XP level 3. HP: 29/29 MP: 3/3
   655 | D:2      | Reached skill level 1 in Invocations
   770 | D:2      | Noticed Terence
   779 | D:2      | Killed Terence
   855 | D:2      | Gained mutation: You have a pair of horns on your head.
                  | [demonic ancestry]
   855 | D:2      | Reached XP level 4. HP: 35/35 MP: 4/4
   882 | D:2      | Found a bloodstained altar of Trog.
   930 | D:2      | Reached skill level 1 in Dodging
   997 | D:2      | Reached skill level 1 in Evocations
  1183 | D:2      | Found Soqew's Book Shoppe.
  1401 | D:3      | Gained mutation: A demonic guardian rushes to your aid.
                  | [demonic ancestry]
  1401 | D:3      | Reached XP level 5. HP: 19/41 MP: 6/6
  1581 | D:3      | Found Fomen's Jewellery Emporium.
  1630 | D:3      | Found Biuqes's Book Shop.
  1717 | D:3      | Found a sparkling altar of Nemelex Xobeh.
  1744 | D:3      | Found Dadiotir's Distillery.
  1754 | D:3      | Bought a potion of might for 48 gold pieces
  1754 | D:3      | Bought a potion of curing for 36 gold pieces
  1777 | D:3      | Found an opulent altar of Gozag.
  1801 | D:3      | Found Cueh Enk's Armour Shop.
  2041 | D:3      | Identified the +1 leather armour "Sitazes" {^Drain rC+ rN+
                  | Regen+}
  2050 | D:3      | Found Miteat's Assorted Antiques.
  2473 | D:4      | Found a staircase to the Ecumenical Temple.
  2483 | Temple   | Entered the Ecumenical Temple
  2531 | Temple   | Became a worshipper of Ru the Awakened
  2596 | D:4      | Gained mutation: You are partially covered in icy blue
                  | scales. (AC +2) [demonic ancestry]
  2596 | D:4      | Reached XP level 6. HP: 41/47 MP: 7/7
  2859 | D:4      | Found an iron altar of Okawaru.
  3236 | D:4      | Found a bloodstained altar of Trog.
  3252 | D:4      | Found a stormy altar of Qazlal.
  3553 | D:5      | Entered Level 5 of the Dungeon
  3555 | D:5      | Noticed Sigmund
  3556 | D:5      | Noticed an orc warrior
  3569 | D:5      | Killed Sigmund
  3581 | D:4      | Reached XP level 7. HP: 7/53 MP: 8/8
  3640 | D:5      | Slain by an orc warrior

Illustrated notes

Levels and vault maps discovered:
D:1:      mrwooster_arrival_statue_3, layout_loops_ring
D:2:      layout_loops_cross, basic_altar, serial_shops, shop, serial_undead,
          serial_undead_d, serial_undead_b, serial_undead_e, serial_undead_d,
          serial_undead_e, serial_undead_d, serial_undead_a, serial_undead_e,
          serial_undead_e, serial_undead_b, minmay_small_reverse_x, uniq_terence
D:3:      layout_basic, old_standard_altar, general_overflow_altar,
          serial_shops, nicolae_shop_rolling_square, nicolae_book_shop_shelving,
          shop, nicolae_shop_industrial_runoff, shop
D:4:      layout_layer_cave, lemuel_round_altar, mainiacjoe_overflow_boulevard,
          nicolae_overflow_crystal_walls, kennysheep_mini,
          minmay_temple_entry_statues
D:5:      layout_basic, amcnicky_altar_gilded, biasface_ghost_orc_armoury,
          minivault_26, uniq_sigmund
Temple:   kb_corrupted_temple

Skill      XL: |  1  2  3  4  5  6  7 |
---------------+----------------------+-----
Axes           | 2 3 |  3.8
Shields        | 3 4 |  4.3
Invocations    | 1 2 |  2.1
Dodging        | 1 2 |  2.1
Evocations     | 1 2 |  2.2
Armour         | 3 |  3.5
Fighting       | 4 |  4.0

Action                     |  1- 3 |  4- 6 |  7- 9 || total
---------------------------+-------+-------+-------++-------
  Melee: War axe           |    75 |   135 |     9 ||   219
         Headbutt          |     8 |    22 |       ||    30
    Use: Potion            |       |     1 |     1 ||     2
 Armour: Scale mail        |    63 |    70 |       ||   133
         Leather armour    |       |    61 |    25 ||    86
  Dodge: Dodged            |    31 |    79 |     9 ||   119
  Block: Buckler           |    12 |    50 |     5 ||    67

Table legend: (Time is in decaauts)
 A = Elapsed time spent in this place.
 B = Non-inter-level travel time spent in this place.
 C = Inter-level travel time spent in this place.
 D = Time resting spent in this place.
 E = Time spent auto-exploring this place.
 F = Levels seen in this place.
 G = Mean time per level.
                   A        B        C        D        E       F      G
               +--------+--------+--------+--------+--------+-----+--------+
         Total |   3729 |   3597 |    132 |     43 |   2832 |   6 |  621.5 |
       Dungeon |   3662 |   3549 |    113 |     43 |   2832 |   5 |  732.4 |
        Temple |     67 |     48 |     19 |      0 |      0 |   1 |   67.0 |
               +--------+--------+--------+--------+--------+-----+--------+

Top non-repeatable levels by time:
     D:4: 1343 daAuts
     D:3: 830 daAuts
     D:2: 778 daAuts
     D:1: 668 daAuts
  Temple: 67 daAuts
     D:5: 42 daAuts
